cohdb
Replays
Latest Replays
All Replays
Popular Replays
Top Player Replays
Match Explorer
How It Works
Community
CoH3 Stats
Reddit
Sign in to upload your games and track your stats! →
Sign in with Steam
Match 41869231
Unlisted
Match 41869231
Overview
Messages
Build Orders
End
Construct Infanterie Kompanie
Selects Terror Battlegroup
Selects Machine Gun Camouflage
Grenadier Squad
MG 42 Machine Gun Team
Grenadier Squad
Construct Luftwaffe Kompanie
Selects Interrogate
Medical Station
221 Scout Car
Pioneer Squad
Support Elements
Jäger Squad
Wirbelwind Flakpanzer
Jäger Squad
Selects Propaganda Leaflet Drop
Marder III M Tank Destroyer
Side Skirts
Propaganda Leaflet Drop
Selects V1 Rocket Strike
Propaganda Leaflet Drop
Jäger Squad
Jäger Squad
Construct Panzer Kompanie
Panzer IV Medium Tank
Selects Defend the Fatherland
Sturmpanzer IV Brummbär
V1 Rocket Strike
Selects King Tiger Heavy Tank
Gbr95
♠ SNOWFLAME ♠
neonwaveee
NEOri
Madjinn
mattcoomber
Shnneb
vonAJ
0
0
Comments
sign in to comment!
No comments posted yet!